 Dungeon Crawl Stone Soup version 0.21.1-1-g345015fe64 (webtiles) character file.

14179 Oravi the Slicer (level 12, 0/123 HPs)
             Began as a Halfling Fighter on Mar 28, 2018.
             Was an Elder of Okawaru.
             Slain by a white ugly thing (6 damage)
             ... in an ice cave.
             The game lasted 01:27:57 (14128 turns).

Oravi the Slicer (Halfling Fighter)                Turns: 14128, Time: 01:27:57

Health: 0/123      AC: 26    Str: 19    XL:     12   Next: 42%
Magic:  15/16      EV:  3    Int:  6    God:    Okawaru [****..]
Gold:   829        SH: 19    Dex: 22    Spells: 11/11 levels left

rFire    x . .     SeeInvis .   a - +4 short sword
rCold    + . .     Gourm    .   c - +2 shield
rNeg     + + +     Faith    .   (armour currently unavailable)
rPois    +         Spirit   .   (helmet currently unavailable)
rElec    .         Reflect  +   (cloak currently unavailable)
rCorr    .         Harm     .   (gloves currently unavailable)
MR       .....     NoTele   +   (boots currently unavailable)
Stlth    ++++......             x - +2 amulet of reflection
HPRegen  0.30/turn              y - ring of ice
MPRegen  0.15/turn              (no ring)

@: agile, tree-form (expiring), heroism, hasted, studying Long Blades, very
quick
A: small, mutation resistance 1
a: Heroism, Renounce Religion


You were in an ice cave.
You worshipped Okawaru.
Okawaru was greatly pleased with you.
You were not hungry.
You were a tree.
You visited 2 branches of the dungeon, and saw 13 of its levels.
You also visited: Bailey and Ice Cave.

You collected 829 gold pieces.

Inventory:

Hand Weapons
 a - a +4 short sword (weapon)
 b - a +2 rapier
Missiles
 i - 314 stones (quivered)
 v - 81 sling bullets
Armour
 c - a +2 shield (worn)
 j - a +0 ring mail (melded)
 k - a +0 pair of gloves (melded)
 l - a +0 scale mail
 o - a scarf of resistance
 p - a +2 cloak of invisibility (melded)
 t - a +0 hat
Jewellery
 r - an uncursed amulet of the gourmand
 x - a +2 amulet of reflection (around neck)
 y - a ring of ice (left branch)
Wands
 s - a wand of iceblast (15)
 w - a wand of random effects (57)
 A - a wand of flame (16)
 E - a wand of digging (12)
Scrolls
 e - 3 scrolls of fear
 g - 3 scrolls of teleportation
 h - a scroll of holy word
 m - 6 scrolls of identify
 C - a scroll of remove curse
Potions
 u - 3 potions of flight
 B - a potion of agility
Books
 z - a manual of Long Blades
Comestibles
 f - 28 rations


   Skills:
 + Level 7.6(12.6) Fighting
 * Level 13.1(18.1) Short Blades
 + Level 6.8(11.8) Armour
 + Level 6.4(11.4) Dodging
 + Level 10.7(15.7) Shields
 * Level 6.4 Invocations
 + Level 1.0 Evocations


You had 11 spell levels left.
You didn't know any spells.

Dungeon Overview and Level Annotations

Branches:
Dungeon (12/15)            Temple (1/1) D:4            Lair (0/6) D:11
    Orc (0/2) D:11

Altars:
Ashenzari
Cheibriados
Dithmenos
Elyvilon
Fedhas
Gozag
Hepliaklqana
Kikubaaqudgha
Makhleb
Nemelex Xobeh
Okawaru
Qazlal
Ru
Sif Muna
Trog
Uskayaw
Vehumet
Wu Jian
Xom
Yredelemnul
Zin
The Shining One


Innate Abilities, Weirdness & Mutations

You are small and have problems with some larger weapons.
You are somewhat resistant to further mutation.


Message History

* * * LOW HITPOINT WARNING * * *
The white ugly thing freezes you! You resist.
* * * LOW HITPOINT WARNING * * *
You puncture the white ugly thing!
The white ugly thing is moderately wounded.
You feel yourself speed up.
You block the white ugly thing's attack.
You hit the white ugly thing but do no damage.
The white ugly thing is moderately wounded.
You block the white ugly thing's attack.
You hit the white ugly thing.
The white ugly thing is heavily wounded.
You hit the white ugly thing.
The white ugly thing is heavily wounded.
You closely miss the white ugly thing.
The white ugly thing is heavily wounded.
The white ugly thing bites you.
* * * LOW HITPOINT WARNING * * *
The white ugly thing freezes you. You resist.
You die...

##...####
........##
.........##
..........##
(..8.......#
.$.........#
/.(....∩.∩.#
.%.........#
$..8.....u♣#
..........##
.........##
........##
##...####
####


You could see a white ugly thing.

Vanquished Creatures
  A hydra (D:11)
  3 two-headed ogres (D:9)
  The ghost of Gargoyl the Skirmisher, a novice CeAK of Lugonu (D:7)
  Pikel (D:5)
  A komodo dragon (D:12)
  A wraith (D:11)
  12 yaks
  A wyvern (D:10)
  2 steam dragons
  A hungry ghost (D:12)
  A water moccasin (D:5)
  A porcupine (D:11)
  6 orc warriors
  2 sky beasts
  3 phantoms
  19 ice beasts
  4 black bears
  3 ogres
  4 centaurs
  2 big kobolds (D:8)
  5 bullfrogs
  8 gnoll sergeants (Bailey)
  5 scorpions
  3 killer bees (D:8)
  5 wights (D:6)
  2 howler monkeys (D:9)
  5 crimson imps
  A quasit (D:11)
  2 jellies
  6 hounds
  Crazy Yiuf (D:2)
  6 gnoll shamans (Bailey)
  14 orc priests
  A bullfrog skeleton (D:5)
  10 worker ants
  Ijyb (D:4)
  4 iguanas
  14 orc wizards
  A hound zombie (D:8)
  2 worker ant zombies
  27 gnolls
  12 adders
  A howler monkey skeleton (D:10)
  A river rat (D:4)
  2 shadow imps
  An ooze (D:3)
  An adder zombie (D:6)
  2 worms (D:2)
  2 dart slugs
  10 leopard geckos
  38 orcs
  A ball python (D:2)
  2 giant cockroaches
  9 goblins
  7 hobgoblins
  7 jackals
  2 quokkas
  9 bats
  9 frilled lizards
  A jackal skeleton (D:5)
  14 kobolds
  8 rats
331 creatures vanquished.

Vanquished Creatures (others)
  A centaur (D:8)
  2 fungi
3 creatures vanquished.

Grand Total: 334 creatures vanquished

Notes
Turn   | Place    | Note
-------+----------+-------------------------------------------
     0 | D:1      | Oravi the Halfling Fighter began the quest for the Orb.
     0 | D:1      | Reached XP level 1. HP: 15/15 MP: 1/1
   252 | D:1      | Reached XP level 2. HP: 15/21 MP: 2/2
   356 | D:1      | Reached skill level 3 in Short Blades
   542 | D:1      | Reached XP level 3. HP: 26/26 MP: 3/3
   717 | D:2      | Reached XP level 4. HP: 28/31 MP: 4/4
   849 | D:2      | Reached skill level 4 in Short Blades
  1021 | D:2      | Reached XP level 5. HP: 33/37 MP: 5/5
  1532 | D:2      | Found a runed door.
  1670 | D:2      | Reached skill level 5 in Short Blades
  2030 | D:3      | Reached XP level 6. HP: 37/43 MP: 6/6
  2153 | D:3      | Reached skill level 6 in Short Blades
  2586 | D:3      | Found a faded altar of an unknown god.
  2586 | D:3      | Found a faded altar of an unknown god.
  2591 | D:3      | Found a glowing golden altar of the Shining One.
  2593 | D:3      | Found a snail-covered altar of Cheibriados.
  2594 | D:3      | Found a burning altar of Makhleb.
  2805 | D:4      | Noticed a phantom
  3182 | D:4      | Noticed Ijyb
  3204 | D:4      | Killed Ijyb
  3316 | D:4      | Reached skill level 7 in Short Blades
  3316 | D:4      | Reached XP level 7. HP: 48/49 MP: 7/7
  3547 | D:4      | Found a staircase to the Ecumenical Temple.
  3590 | Temple   | Entered the Ecumenical Temple
  4421 | D:5      | Entered Level 5 of the Dungeon
  4577 | D:5      | Noticed a water moccasin
  4589 | D:5      | Killed a water moccasin
  4605 | D:5      | Reached skill level 1 in Dodging
  4613 | D:5      | Found an iron altar of Okawaru.
  4623 | D:5      | Became a worshipper of Warmaster Okawaru
  4678 | D:5      | Reached skill level 8 in Short Blades
  4678 | D:5      | Reached XP level 8. HP: 16/54 MP: 8/8
  4847 | D:5      | Noticed Pikel
  4863 | D:5      | Killed Pikel
  4863 | D:5      | Reached * piety under Okawaru
  4863 | D:5      | Reached skill level 5 in Fighting
  4863 | D:5      | Reached skill level 5 in Armour
  4863 | D:5      | Reached skill level 5 in Shields
  5174 | D:6      | Reached XP level 9. HP: 43/61 MP: 9/9
  5333 | D:6      | Reached ** piety under Okawaru
  5349 | D:6      | Reached skill level 9 in Short Blades
  6464 | D:2      | Found a sparkling altar of Nemelex Xobeh.
  6600 | D:2      | Noticed Crazy Yiuf
  6612 | D:2      | Killed Crazy Yiuf
  6869 | D:7      | Reached skill level 10 in Short Blades
  6958 | D:7      | Reached *** piety under Okawaru
  7112 | D:7      | Reached XP level 10. HP: 68/68 MP: 10/10
  7152 | D:7      | Found a blossoming altar of Fedhas.
  7519 | D:7      | Noticed Gargoyl's ghost (novice CeAK)
  7574 | D:7      | Killed Gargoyl's ghost
  8053 | D:8      | Reached skill level 11 in Short Blades
  8061 | D:8      | Reached skill level 1 in Invocations
  8604 | D:8      | Reached **** piety under Okawaru
  8798 | D:8      | Reached skill level 5 in Dodging
  9101 | D:8      | Reached XP level 11. HP: 70/74 MP: 13/13
  9113 | D:8      | Found a hazy altar of Hepliaklqana.
  9469 | D:9      | Noticed a two-headed ogre
  9485 | D:9      | Killed a two-headed ogre
  9804 | D:9      | Found a sacrificial altar of Ru.
  9864 | D:9      | Noticed a two-headed ogre
  9883 | D:9      | Killed a two-headed ogre
  9883 | D:9      | Reached skill level 12 in Short Blades
  9902 | D:9      | Noticed a two-headed ogre
  9913 | D:9      | Killed a two-headed ogre
 10538 | D:10     | Entered Level 10 of the Dungeon
 10640 | D:10     | Found a flagged portal.
 10661 | Bailey   | Entered a bailey
 11858 | D:10     | Reached skill level 5 in Invocations
 12031 | D:10     | Reached skill level 1 in Evocations
 12056 | D:10     | Reached ***** piety under Okawaru
 12143 | D:10     | Got a faintly humming shield
 12144 | D:10     | Identified the +3 shield of Poor Excuses {-Cast rN+++ Int+4 Slay-4} (You found it on level 10 of the Dungeon)
 12571 | D:11     | Reached skill level 10 in Shields
 12621 | D:11     | Found a staircase to the Orcish Mines.
 12664 | D:11     | Received a gift from Okawaru
 12857 | D:11     | Reached XP level 12. HP: 81/81 MP: 16/16
 13027 | D:11     | Found a staircase to the Lair.
 13148 | D:11     | Noticed a four-headed hydra
 13166 | D:11     | Killed a four-headed hydra
 13926 | D:12     | Found a frozen archway.
 13940 | D:12     | Reached skill level 13 in Short Blades
 14051 | IceCv    | Entered an ice cave
 14128 | IceCv    | HP: 6/123 [white ugly thing (6)]
 14128 | IceCv    | Slain by a white ugly thing

Skill      XL: |  1  2  3  4  5  6  7  8  9 10 11 12 |
---------------+-------------------------------------+-----
Fighting       | 3 4 5 6 7 |  7.6
Short Blades   | 3 4 5 7 8 10 11 12 13 | 13.1
Armour         | 4 5 6 |  6.8
Dodging        | 1 2 3 5 6 |  6.4
Shields        | 5 7 8 10 | 10.7
Invocations    | 3 5 6 |  6.4
Evocations     | 1 |  1.0

Action                   |  1- 3 |  4- 6 |  7- 9 | 10-12 || total
-------------------------+-------+-------+-------+-------++-------
Melee: Rapier            |    93 |    24 |       |    54 ||   171
       Short sword       |       |   233 |   443 |  1236 ||  1912
Throw: Stone             |       |       |     5 |       ||     5
Invok: Heroism           |       |       |       |    29 ||    29
       Finesse           |       |       |       |     1 ||     1
 Abil: Evoke Invisibilit |       |       |       |     1 ||     1
Evoke: Wand              |       |       |     1 |    16 ||    17
  Use: Scroll            |     6 |     2 |     5 |    13 ||    26
       Potion            |       |     2 |     9 |    13 ||    24
 Stab: Sleeping          |       |       |     1 |       ||     1
  Eat: Chunk             |       |     8 |    21 |    39 ||    68
       Ration            |       |       |     1 |     2 ||     3
Armor: Scale mail        |    45 |    43 |       |       ||    88
       Ring mail         |       |    21 |    65 |    91 ||   177
       Skin              |       |       |       |    50 ||    50
Dodge: Dodged            |    29 |    64 |    84 |   308 ||   485
Block: Shield            |    63 |    96 |   213 |   747 ||  1119
       Reflection        |       |       |     5 |     9 ||    14
